 Dungeon Sprint DCSS version 0.17-a0-1399-gd5b76e1 (webtiles) character file.

5314 Kidiri the Unseen (level 10, -25/44 HPs)
             Began as a Spriggan Enchanter on June 19, 2015.
             Was an Elder of Dithmenos.
             Annihilated by Agnes
             ... wielding a +0 lajatang
              (26 damage)
             ... in the Dungeon (Sprint IV: "Fedhas' Mad Dash").
             The game lasted 00:10:24 (2647 turns).

Kidiri the Unseen (Spriggan Enchanter)              Turns: 2647, Time: 00:10:24

Health: -25/44     AC:  3    Str:  4    XL:     10   Next: 37%
Magic:  26/27      EV: 30    Int: 18    God:    Dithmenos [****..]
Gold:   104        SH:  0    Dex: 22    Spells: 8 memorised, 6 levels left

rFire  . . .     SeeInvis +     a - +1 dagger
rCold  . . .     Clarity  .     q - +1 robe "Zibruerch" {Dex+3}
rNeg   + . .     SustAt   .     (shield restricted)
rPois  .         Gourm    .     (helmet restricted)
rElec  .         Spirit   .     (no cloak)
rCorr  .         Warding  .     (gloves unavailable)
rMut   .         NoTele   +     (boots unavailable)
MR     +....                    (no amulet)
Stlth  ++++++++++               p - ring of positive energy
                                l - ring of invisibility

@: very slightly contaminated, wreathed by umbra, invisible, very quick,
somewhat resistant to hostile enchantments, uncannily stealthy
A: unfitting armour, see invisible, herbivore 3, speed 3, slow metabolism 2,
MP-powered wands
a: Shadow Step, Renounce Religion, Turn Visible


You were in the Dungeon.
You worshipped Dithmenos.
Dithmenos was greatly pleased with you.
You were not hungry.

You visited 1 branch You collected 229 gold pieces.
You spent 125 gold pieces at shops.

Inventory:

Hand weapons
 a - a +1 dagger (weapon)
 f - a +0 rapier
Armour
 b - a +1 robe
 q - the +1 robe "Zibruerch" (worn) {Dex+3}
   (You bought it in a shop in the Dungeon)

   It affects your dexterity (+3).
Jewellery
 l - a ring of invisibility (left hand)
 p - a ring of positive energy (right hand)
Scrolls
 j - a scroll of blinking
 m - a scroll of identify {unknown}
 o - a scroll of remove curse {unknown}
Potions
 e - 2 potions of curing
 g - a potion of haste
 i - a potion of berserk rage
 k - a potion of brilliance {unknown}
Books
 c - a book of Maledictions

   Spells                             Type                      Level
   a - Corona                         Hexes                        1
   b - Ensorcelled Hibernation        Hexes/Ice                    2
   c - Confuse                        Hexes                        3
   d - Tukima's Dance                 Hexes                        3
   e - Dazzling Spray                 Conjuration/Hexes            3
 h - a book of the Earth

   Spells                             Type                      Level
   a - Leda's Liquefaction            Hexes/Earth                  4
   b - Bolt of Magma                  Conjuration/Fire/Earth       5
   c - Statue Form                    Transmutation/Earth          6
   d - Iron Shot                      Conjuration/Earth            6
   e - Shatter                        Earth                        9
Comestibles
 d - 2 bread rations


   Skills:
 + Level 8.3 Short Blades
 + Level 11.3 Dodging
 * Level 16.3 Stealth
 * Level 12.8 Spellcasting
 + Level 5.1 Conjurations
 + Level 10.2 Hexes
 + Level 3.1 Transmutations
 + Level 6.1 Ice Magic
 + Level 2.1 Earth Magic
 + Level 6.8 Invocations
 + Level 9.4 Evocations


You had 6 spell levels left.
You knew the following spells:

 Your Spells              Type           Power        Failure   Level  Hunger
a - Corona                Hex            #####..      1%          1    None
b - Ensorcelled Hibernat  Hex/Ice        #####.       1%          2    None
c - Confuse               Hex            #####...     1%          3    None
d - Tukima's Dance        Hex            #####...     1%          3    None
e - Dazzling Spray        Conj/Hex       #####...     1%          3    None
f - Leda's Liquefaction   Hex/Erth       ####......   6%          4    #......
g - Iron Shot             Conj/Erth      ###.......   99%         6    ######.
h - Statue Form           Trmt/Erth      ###......    100%        6    ######.


Dungeon Overview and Level Annotations

Branches:
Dungeon (1/1)

Altars:
Cheibriados
Dithmenos
Elyvilon
Gozag
Kikubaaqudgha
Makhleb
Nemelex Xobeh
Okawaru
Qazlal
Ru
Sif Muna
Trog
Vehumet
Xom
Yredelemnul
Zin
The Shining One
Beogh
Jiyva
Lugonu

Shops:
D }?(*[!*%

Annotations:
D Agnes


Innate Abilities, Weirdness & Mutations

You are tiny and cannot use many weapons and most armour.
You have supernaturally acute eyesight.
You are a herbivore.
You cover ground extremely quickly.
You need consume almost no food.
You expend magic power (3 MP) to strengthen your wands.


Message History

You fade into invisibility!
You are very lightly contaminated with residual magic.
You feel somewhat more hungry.
You open the door.
Agnes the Wanderer comes into view.
She is wielding a lajatang.
Unknown command.
There is an open door here.
A spriggan berserker comes into view. It is wielding a hand axe.
Found Ususyed's Weapon Emporium.
Found Leedwij's General Store.
Agnes shouts!
Agnes hits you with a lajatang!
You barely miss Agnes. Agnes closely misses you.
You barely miss Agnes. Agnes hits you with a lajatang!!
Ouch! That really hurt!
* * * LOW HITPOINT WARNING * * *
You emit a cloud of dark smoke.
You closely miss Agnes. Agnes hits you with a lajatang!!
Ouch! That really hurt!
You die...

.⌠...._....⌠.#################...
##################....).###.....♣
♣♣♣♣♣..♣.###.'..[.....()%)'...♣..
.....♣..♣##..#..#.P.....#########
..♣♣♣.♣).###.##'##.P....#
♣♣..♣...♣'...#♣.♣########
#############.....####
#..♣.§♣....# #.i.♣.§@§..♣...
......♣.i...∩.∩. ################


You could see Agnes.

Vanquished Creatures
  A spriggan druid (D)
  6 oklob plants (D)
  A demonic crawler (D)
  3 burning bushes (D)
  3 wandering mushrooms (D)
  A queen bee (D)
  A wasp (D)
  2 scorpions (D)
  4 killer bees (D)
  5 oklob saplings (D)
  5 spriggans (D)
  A worker ant (D)
  A river rat (D)
  A giant spore (D)
  A rat (D)
36 creatures vanquished.

Notes
Turn   | Place    | Note
--------------------------------------------------------------
     0 | D        | Kidiri the Spriggan Enchanter began the quest for the Orb.
     0 | D        | Reached XP level 1. HP: 9/9 MP: 5/5
     9 | D        | Reached skill level 5 in Stealth
     9 | D        | Reached XP level 2. HP: 13/13 MP: 7/7
    15 | D        | Learned a level 2 spell: Ensorcelled Hibernation
    24 | D        | Noticed an oklob sapling
    26 | D        | Killed an oklob sapling
    26 | D        | Reached skill level 7 in Stealth
    26 | D        | Reached skill level 5 in Hexes
    26 | D        | Reached skill level 1 in Ice Magic
    26 | D        | Reached XP level 3. HP: 16/16 MP: 7/9
    29 | D        | Noticed a worker ant
    31 | D        | Killed a worker ant
    31 | D        | Reached skill level 5 in Spellcasting
    57 | D        | Found a snail-covered altar of Cheibriados.
    57 | D        | Found a glowing silver altar of Zin.
    57 | D        | Found a white marble altar of Elyvilon.
    57 | D        | Found a viscous altar of Jiyva.
    57 | D        | Found a radiant altar of Vehumet.
    57 | D        | Found a deep blue altar of Sif Muna.
    57 | D        | Found an ancient bone altar of Kikubaaqudgha.
    57 | D        | Found a bloodstained altar of Trog.
    57 | D        | Found a corrupted altar of Lugonu.
    57 | D        | Noticed an oklob sapling priest
    64 | D        | Found a burning altar of Makhleb.
    64 | D        | Found a sacrificial altar of Ru.
    65 | D        | Found a glowing golden altar of the Shining One.
    65 | D        | Found a sparkling altar of Nemelex Xobeh.
    66 | D        | Found a shadowy altar of Dithmenos.
    67 | D        | Found a shimmering altar of Xom.
    67 | D        | Found an iron altar of Okawaru.
    68 | D        | Found an opulent altar of Gozag.
    69 | D        | Found a roughly hewn altar of Beogh.
    69 | D        | Found a basalt altar of Yredelemnul.
    70 | D        | Killed an oklob sapling priest
    70 | D        | Reached skill level 5 in Dodging
    70 | D        | Reached skill level 8 in Stealth
    70 | D        | Reached XP level 4. HP: 21/21 MP: 8/12
    71 | D        | Found a stormy altar of Qazlal.
    75 | D        | Became a worshipper of Dithmenos the Shadowed
   103 | D        | Noticed an oklob sapling
   112 | D        | Killed an oklob sapling
   112 | D        | Reached skill level 9 in Stealth
   112 | D        | Reached XP level 5. HP: 24/24 MP: 10/14
   251 | D        | Learned a level 3 spell: Confuse
   255 | D        | Learned a level 3 spell: Tukima's Dance
   259 | D        | Learned a level 3 spell: Dazzling Spray
   261 | D        | Noticed an oklob sapling wizard
   264 | D        | Killed an oklob sapling wizard
   266 | D        | Noticed a scorpion
   269 | D        | Reached skill level 1 in Invocations
   270 | D        | Killed a scorpion
   270 | D        | Reached skill level 10 in Stealth
   270 | D        | Reached skill level 1 in Conjurations
   272 | D        | Reached XP level 6. HP: 28/28 MP: 14/17
   393 | D        | Found Pouhav's Magic Scroll Shop.
   393 | D        | Found Archoeclai's Gadget Emporium.
   405 | D        | Noticed a burning bush
   405 | D        | Noticed a wandering mushroom
   406 | D        | Noticed a scorpion
   406 | D        | Noticed a wandering mushroom
   409 | D        | Killed a burning bush
   409 | D        | Reached skill level 11 in Stealth
   409 | D        | Reached skill level 5 in Evocations
   410 | D        | Killed a wandering mushroom
   410 | D        | Reached skill level 5 in Short Blades
   410 | D        | Reached skill level 12 in Stealth
   410 | D        | Reached XP level 7. HP: 32/32 MP: 15/20
   411 | D        | Killed a wandering mushroom
   413 | D        | Killed a scorpion
   413 | D        | Reached XP level 8. HP: 36/36 MP: 16/22
   569 | D        | Found Eraosk's Armour Shoppe.
   570 | D        | Found Lotoxyrch's Distillery.
   707 | D        | Noticed a queen bee
   707 | D        | Noticed a killer bee
   708 | D        | Noticed a killer bee
   711 | D        | Noticed a killer bee
   711 | D        | Noticed a killer bee
   714 | D        | Killed a queen bee
   714 | D        | Acquired Dithmenos's first power
   714 | D        | Reached skill level 13 in Stealth
   714 | D        | Reached skill level 10 in Spellcasting
   715 | D        | Killed a killer bee
   718 | D        | Killed a killer bee
   720 | D        | Killed a killer bee
   721 | D        | Killed a killer bee
   892 | D        | Noticed an oklob plant
   895 | D        | Killed an oklob plant
   895 | D        | Reached skill level 5 in Invocations
   910 | D        | Noticed a burning bush
  1152 | D        | Killed a burning bush
  1152 | D        | Acquired Dithmenos's second power
  1152 | D        | Reached skill level 14 in Stealth
  1152 | D        | Reached XP level 9. HP: 17/39 MP: 17/25
  1325 | D        | Noticed an oklob sapling
  1325 | D        | Noticed a burning bush
  1325 | D        | Noticed an oklob plant
  1326 | D        | Noticed a wandering mushroom
  1327 | D        | Killed a burning bush
  1327 | D        | Reached skill level 5 in Ice Magic
  1332 | D        | Killed an oklob plant
  1332 | D        | Reached skill level 10 in Dodging
  1335 | D        | Killed a wandering mushroom
  1335 | D        | Reached skill level 15 in Stealth
  1521 | D        | Killed an oklob sapling
  1539 | D        | Noticed a spriggan druid
  1541 | D        | Killed a spriggan druid
  1686 | D        | Gained mutation: You expend magic power (3 MP) to strengthen your wands. [mutagenic glow]
  1793 | D        | Noticed an oklob plant conjurer
  1795 | D        | Killed an oklob plant conjurer
  1807 | D        | Learned a level 4 spell: Leda's Liquefaction
  1814 | D        | Learned a level 6 spell: Iron Shot
  1821 | D        | Learned a level 6 spell: Statue Form
  2340 | D        | Noticed an oklob plant
  2340 | D        | Noticed an oklob plant summoner
  2341 | D        | Noticed an oklob plant shifter
  2345 | D        | Killed an oklob plant
  2345 | D        | Reached skill level 1 in Transmutations
  2345 | D        | Reached XP level 10. HP: 44/44 MP: 25/27
  2348 | D        | Killed an oklob plant summoner
  2348 | D        | Reached skill level 1 in Earth Magic
  2350 | D        | Killed an oklob plant shifter
  2350 | D        | Reached skill level 16 in Stealth
  2350 | D        | Reached skill level 10 in Hexes
  2454 | D        | Noticed a demonic crawler
  2456 | D        | Killed a demonic crawler
  2456 | D        | Reached skill level 5 in Conjurations
  2458 | D        | Noticed a spriggan rider
  2458 | D        | Noticed a spriggan
  2458 | D        | Noticed a spriggan
  2459 | D        | Found Qaqaju's Assorted Antiques.
  2471 | D        | Killed a spriggan
  2475 | D        | Killed a wasp
  2479 | D        | Killed a spriggan
  2479 | D        | Acquired Dithmenos's third power
  2490 | D        | Killed a spriggan
  2509 | D        | Found Xiruiq's Food Shoppe.
  2517 | D        | Bought a faintly glowing robe for 125 gold pieces
  2527 | D        | Identified the +1 robe "Zibruerch" {Dex+3} (You bought it in a shop in the Dungeon)
  2639 | D        | Noticed Agnes
  2641 | D        | Found Ususyed's Weapon Emporium.
  2641 | D        | Noticed a spriggan berserker
  2643 | D        | Found Leedwij's General Store.
  2646 | D        | HP: 1/44 [Agnes/lajatang (34)]
  2647 | D        | Annihilated by Agnes

Vault maps used:
D:        dungeon_sprint_fedhas

Action                   |  1- 3 |  4- 6 |  7- 9 | 10-12 || total
-------------------------+-------+-------+-------+-------++-------
Melee: Dagger            |     5 |    11 |    26 |    11 ||    53
 Cast: Dazzling Spray    |       |       |    25 |     6 ||    31
       Ensorcelled Hiber |       |       |     3 |     4 ||     7
 Abil: Evoke Invisibilit |     1 |     3 |    10 |     2 ||    16
  Use: Potion            |       |       |     2 |     1 ||     3
 Stab: Sleeping          |     5 |     6 |    15 |     2 ||    28
       Invisible         |       |     1 |     1 |     4 ||     6
  Eat: Royal jelly       |       |       |     3 |       ||     3
       Pizza             |       |       |       |     1 ||     1
